DETROIT vs TORONTO

Created - April 28, 2021 at 15:53

Goals
1 2 3 T
DETROIT 1 1 1 3
TORONTO 1 1 2 4
Shots
1 2 3 T
DETROIT 11 12 10 33
TORONTO 7 8 7 22

1st period

1. TORONTO , Mark Scheifele 18 (Matt Niskanen 14) at 0:24
2. DETROIT , Max Domi 16 (Scott Laughton 21, Aaron Ekblad 27) at 19:21

Penalties :
Kevin Shattenkirk (TOR) for Hooking (Minor) at 2:26, Scott Laughton (DET) for Hooking (Minor) at 2:26, Matt Niskanen (TOR) for Hooking (Minor) at 7:33, Matt Niskanen (TOR) for Hooking (Minor) at 19:45

2nd period

3. TORONTO , Jordan Martinook 6 (Alex Pietrangelo 21, Ryan Reaves 3) at 2:09
4. DETROIT , Christian Dvorak 10 (Aaron Ekblad 28, Calle Jarnkrok 15) at 19:57

Penalties :
Richard Panik (TOR) for Hooking (Minor) at 4:36, Ondrej Palat (TOR) for Slashing (Minor) at 8:09, Brady Tkachuk (TOR) for Tripping (Minor) at 13:42

3rd period

5. TORONTO , Ondrej Palat 19 (Joe Pavelski 22, Josh Morrissey 19) at 5:00
6. TORONTO , Ondrej Palat 20 (Joe Pavelski 23, Kevin Shattenkirk 21) at 5:19
7. DETROIT , Tyler Myers 13 (Taylor Hall 28, Aaron Ekblad 29) at 11:48

Penalties :
Matt Niskanen (TOR) for Holding (Minor) at 0:07

Goalie Stats

John Gibson (DET), 18 saves from 22 shots - (0.818), L, 30-26-3, 59:11 minutes
Anton Khudobin (TOR), 30 saves from 33 shots - (0.909), W, 19-25-3, 60:00 minutes

Players Stats for DETROIT

Player Name              G  A  P  +/- PIM S  H  SB GA TA FO     MP     PP MP  PK MP  
------------------------------------------------------------------------------------
Aaron Ekblad             0  3  3   2  0   2  1  1  0  0  0/0    23:11   7:12   0:00 
Alexander Wennberg       0  0  0  -2  0   0  0  1  0  0  7/21   18:17   0:21   0:00 
Andrej Sekera            0  0  0  -2  0   0  1  1  0  0  0/0    13:35   0:00   0:00 
Brendan Smith            0  0  0   0  0   0  0  0  0  0  0/0     5:17   0:00   0:00 
Calle Jarnkrok           0  1  1   1  0   3  2  0  0  0  0/0    20:27   6:21   0:00 
Chandler Stephenson      0  0  0   0  0   0  0  0  0  0  0/4     2:58   0:00   0:00 
Christian Dvorak         1  0  1   1  0   5  1  0  0  0  12/25  20:27   6:21   0:00 
Colton Sceviour          0  0  0  -2  0   0  0  0  0  0  0/0    17:51   0:21   0:00 
Ian Cole                 0  0  0  -1  0   2  0  2  0  0  0/0    17:57   4:42   0:00 
Justin Abdelkader        0  0  0  -2  0   1  3  0  0  0  0/0    17:51   0:21   0:00 
Max Domi                 1  0  1   0  0   2  0  0  0  0  2/4    18:18   5:12   0:00 
Oscar Klefbom            0  0  0  -1  0   2  0  2  0  0  0/0    17:57   4:42   0:00 
Patrik Nemeth            0  0  0  -2  0   0  0  1  0  0  0/0    13:56   0:21   0:00 
Robert Bortuzzo          0  0  0   0  0   1  0  1  0  0  0/0     5:17   0:00   0:00 
Scott Laughton           0  1  1   0  2   3  0  0  0  0  12/23  17:28   5:12   0:00 
Taylor Hall              0  1  1   1  0   6  0  0  0  0  1/5    23:56   6:21   0:00 
Tyler Myers              1  0  1   2  0   5  1  0  0  0  0/0    22:50   6:51   0:00 
Valeri Nichushkin        0  0  0   0  0   1  0  0  0  0  0/0     2:58   0:00   0:00 
Zemgus Girgensons        0  0  0   0  0   0  1  0  0  0  1/2    17:29   5:12   0:00 

Players Stats for TORONTO

Player Name              G  A  P  +/- PIM S  H  SB GA TA FO     MP     PP MP  PK MP  
------------------------------------------------------------------------------------
Alex Pietrangelo         0  1  1   2  0   0  0  4  0  0  0/0    24:40   0:00   6:59 
Brady Tkachuk            0  0  0  -1  2   2  5  0  0  0  0/2    16:15   0:00   0:36 
Brayden Point            0  0  0  -1  0   1  0  1  0  0  1/1    22:53   0:00   7:18 
Curtis Lazar             0  0  0   0  0   0  0  0  0  0  1/3     7:02   0:00   0:00 
Ethan Bear               0  0  0  -2  0   1  3  1  0  0  0/0    19:58   0:00   5:18 
Joe Pavelski             0  2  2   2  0   1  2  0  0  0  15/26  18:23   0:00   3:57 
Jordan Martinook         1  0  1   0  0   1  0  0  0  0  0/0     7:41   0:00   0:39 
Jordie Benn              0  0  0  -2  0   1  3  2  0  0  0/0    16:17   0:00   2:23 
Josh Morrissey           0  1  1   1  0   0  1  0  0  0  0/0    21:42   0:00   5:11 
Justin Williams          0  0  0   2  0   2  1  0  0  0  1/1    13:24   0:00   0:00 
Kevin Shattenkirk        0  1  1   1  2   0  0  0  0  0  0/0    16:00   0:00   0:16 
Mark Scheifele           1  0  1  -1  0   5  0  0  0  0  18/32  22:56   0:00   7:21 
Matt Niskanen            0  1  1   2  6   3  4  2  0  0  0/0    21:19   0:00   3:41 
Nick Suzuki              0  0  0   0  0   0  0  0  0  0  11/15  15:00   0:00   3:57 
Ondrej Palat             2  0  2   2  2   4  2  0  0  0  1/2    13:23   0:00   0:00 
Oskar Lindblom           0  0  0   0  0   1  0  0  0  0  1/2    11:03   0:00   0:00 
Richard Panik            0  0  0   0  2   0  2  0  0  0  0/0    11:02   0:00   0:00 
Ryan Reaves              0  1  1   0  0   0  1  0  0  0  0/0     7:02   0:00   0:00 

3 Stars

1 - Ondrej Palat (TOR)
2 - Aaron Ekblad (DET)
3 - Joe Pavelski (TOR)

Power Play

DETROIT - 0 on 6 Attempt(s) - 0.00%
TORONTO - 0 on 0 Attempt(s) - 0.00%

Penalty Kill

DETROIT - 0 on 0 Attempt(s) - 0.00% - Score 0 goal in Penalty Kill
TORONTO - 6 on 6 Attempt(s) - 100.00% - Score 0 goal in Penalty Kill

Team Stat

DETROIT - Hits : 10 - Faceoff Wins : 35 - Blocked Shots : 9 - Penalty Minutes : 2
TORONTO - Hits : 24 - Faceoff Wins : 49 - Blocked Shots : 10 - Penalty Minutes : 14

Official

Referees : Jean Hebert and Corey Scott
Linesman : Alex Nellis and Kevin Fuhr

Game Notes

No Game Note

Finance

Level 1 -- Attendance: 5728 (95.47%) -- Ticket Income $389,504
Level 2 -- Attendance: 4625 (92.50%) -- Ticket Income $254,375
Level 3 -- Attendance: 2000 (100.00%) -- Ticket Income $62,000
Level 4 -- Attendance: 2845 (71.13%) -- Ticket Income $62,590
Luxury Box -- Attendance: 912 (91.20%) -- Ticket Income $123,120
Game was played at the Air Canada Center.
Total Attendance: 16110 (89.50%)
Total Ticket Income: $891,589
Total Income: $891,589

DETROIT

5 vs 5 Forward 
   Center                   Left Wing                Right Wing               Time % Phy DF OF 
 1 Christian Dvorak         Taylor Hall              Calle Jarnkrok           35     1   2  2  
 2 Scott Laughton           Max Domi                 Zemgus Girgensons        30     1   2  2  
 3 Alexander Wennberg       Colton Sceviour          Justin Abdelkader        25     1   2  2  
 4 Chandler Stephenson      Taylor Hall              Valeri Nichushkin        10     1   2  2  

5 vs 5 Defense 
   Defense                  Defense                                           Time % Phy DF OF 
 1 Aaron Ekblad             Tyler Myers                                       35     1   2  2  
 2 Oscar Klefbom            Ian Cole                                          30     1   2  2  
 3 Patrik Nemeth            Andrej Sekera                                     25     1   2  2  
 4 Robert Bortuzzo          Brendan Smith                                     10     1   2  2  

PowerPlay Forward 
   Center                   Left Wing                Right Wing               Time % Phy DF OF 
 1 Christian Dvorak         Taylor Hall              Calle Jarnkrok           60     1   2  2  
 2 Scott Laughton           Max Domi                 Zemgus Girgensons        40     1   2  2  

PowerPlay Defense
   Defense                  Defense                                           Time % Phy DF OF 
 1 Aaron Ekblad             Tyler Myers                                       60     1   2  2  
 2 Oscar Klefbom            Ian Cole                                          40     1   2  2  

Penalty Kill 4 Players Forward 
   Center                   Wing                     Time % Phy DF OF 
 1 Taylor Hall              Max Domi                 60     1   2  2  
 2 Christian Dvorak         Calle Jarnkrok           40     1   2  2  

Penalty Kill 4 Players Defense
   Defense                  Defense                  Time % Phy DF OF 
 1 Aaron Ekblad             Tyler Myers              60     1   2  2  
 2 Oscar Klefbom            Ian Cole                 40     1   2  2  

Penalty Kill - 3 Players Forward 
   Forward                                           Time % Phy DF OF 
 1 Taylor Hall                                       60     1   2  2  
 2 Max Domi                                          40     1   2  2  

Penalty Kill - 3 Players Defense
   Defense                  Defense                  Time % Phy DF OF 
 1 Aaron Ekblad             Tyler Myers              60     1   2  2  
 2 Oscar Klefbom            Ian Cole                 40     1   2  2  

4 vs 4 Forward 
   Center                   Wing                     Time % Phy DF OF 
 1 Taylor Hall              Max Domi                 60     1   2  2  
 2 Christian Dvorak         Calle Jarnkrok           40     1   2  2  

4 vs 4 Defense
   Defense                  Defense                  Time % Phy DF OF 
 1 Aaron Ekblad             Tyler Myers              60     1   2  2  
 2 Oscar Klefbom            Ian Cole                 40     1   2  2  

Last Minutes Offensive
   Center                   Left Wing                Right Wing               Defense                  Defense                  
   Christian Dvorak         Taylor Hall              Calle Jarnkrok           Aaron Ekblad             Tyler Myers              

Last Minutes Defensive
   Center                   Left Wing                Right Wing               Defense                  Defense                  
   Christian Dvorak         Taylor Hall              Calle Jarnkrok           Aaron Ekblad             Tyler Myers              

Goaltenders
Starting : John Gibson              
Backup : Pheonix Copley           

Extra Forwards
Normal : Alexander Wennberg, Colton Sceviour, Justin Abdelkader - PP : Alexander Wennberg, Colton Sceviour - PK : Justin Abdelkader
Extra Defensemen
Normal : Patrik Nemeth, Andrej Sekera, Robert Bortuzzo - PP : Patrik Nemeth - PK : Andrej Sekera, Robert Bortuzzo
Penalty Shots
Taylor Hall, Max Domi, Christian Dvorak, Calle Jarnkrok, Scott Laughton

Scratches
Tomas Nosek (Healthy), DET CAPHIT (Suspend), Ryan Nugent-Hopkins (Healthy)

TORONTO

5 vs 5 Forward 
   Center                   Left Wing                Right Wing               Time % Phy DF OF 
 1 Mark Scheifele           Brady Tkachuk            Brayden Point            35     1   2  2  
 2 Joe Pavelski             Ondrej Palat             Justin Williams          30     0   2  3  
 3 Nick Suzuki              Oskar Lindblom           Richard Panik            25     0   3  2  
 4 Curtis Lazar             Jordan Martinook         Ryan Reaves              10     2   2  1  

5 vs 5 Defense 
   Defense                  Defense                                           Time % Phy DF OF 
 1 Alex Pietrangelo         Matt Niskanen                                     35     1   2  2  
 2 Josh Morrissey           Kevin Shattenkirk                                 30     0   3  2  
 3 Ethan Bear               Jordie Benn                                       25     0   4  1  
 4 Alex Pietrangelo         Matt Niskanen                                     10     1   2  2  

PowerPlay Forward 
   Center                   Left Wing                Right Wing               Time % Phy DF OF 
 1 Mark Scheifele           Brady Tkachuk            Brayden Point            60     0   1  4  
 2 Joe Pavelski             Ondrej Palat             Justin Williams          40     0   1  4  

PowerPlay Defense
   Defense                  Defense                                           Time % Phy DF OF 
 1 Alex Pietrangelo         Matt Niskanen                                     60     0   2  3  
 2 Josh Morrissey           Kevin Shattenkirk                                 40     0   2  3  

Penalty Kill 4 Players Forward 
   Center                   Wing                     Time % Phy DF OF 
 1 Mark Scheifele           Brayden Point            60     0   4  1  
 2 Joe Pavelski             Nick Suzuki              40     0   4  1  

Penalty Kill 4 Players Defense
   Defense                  Defense                  Time % Phy DF OF 
 1 Alex Pietrangelo         Matt Niskanen            60     0   4  1  
 2 Josh Morrissey           Ethan Bear               40     0   4  1  

Penalty Kill - 3 Players Forward 
   Forward                                           Time % Phy DF OF 
 1 Mark Scheifele                                    60     1   2  2  
 2 Brayden Point                                     40     1   2  2  

Penalty Kill - 3 Players Defense
   Defense                  Defense                  Time % Phy DF OF 
 1 Alex Pietrangelo         Matt Niskanen            60     1   2  2  
 2 Josh Morrissey           Ethan Bear               40     1   2  2  

4 vs 4 Forward 
   Center                   Wing                     Time % Phy DF OF 
 1 Mark Scheifele           Brayden Point            60     0   2  3  
 2 Joe Pavelski             Brady Tkachuk            40     1   2  2  

4 vs 4 Defense
   Defense                  Defense                  Time % Phy DF OF 
 1 Alex Pietrangelo         Matt Niskanen            60     0   3  2  
 2 Josh Morrissey           Kevin Shattenkirk        40     0   3  2  

Last Minutes Offensive
   Center                   Left Wing                Right Wing               Defense                  Defense                  
   Mark Scheifele           Brady Tkachuk            Brayden Point            Alex Pietrangelo         Matt Niskanen            

Last Minutes Defensive
   Center                   Left Wing                Right Wing               Defense                  Defense                  
   Mark Scheifele           Brady Tkachuk            Brayden Point            Alex Pietrangelo         Matt Niskanen            

Goaltenders
Starting : Anton Khudobin           
Backup : Jonathan Quick           

Extra Forwards
Normal : Nick Suzuki, Oskar Lindblom, Jordan Martinook - PP : Nick Suzuki, Oskar Lindblom - PK : Jordan Martinook
Extra Defensemen
Normal : Ethan Bear, Jordie Benn, Josh Morrissey - PP : Ethan Bear - PK : Jordie Benn, Josh Morrissey
Penalty Shots
Mark Scheifele, Brayden Point, Justin Williams, Joe Pavelski, Kevin Shattenkirk

Scratches
TOR Cap Hit (Suspend)

% Time on Ice - DETROIT

Lines # - Real PCT - Wanted PCT - Time Play
Normal Forward
1 - 29% - 35% - 13:22
2 - 27% - 30% - 12:17
3 - 38% - 25% - 17:30
4 - 6% - 10% - 2:58
Normal Defense
1 - 32% - 35% - 14:44
2 - 27% - 30% - 12:31
3 - 29% - 25% - 13:35
4 - 11% - 10% - 5:17
PP Forward
1 - 56% - 60% - 6:42
2 - 44% - 40% - 5:12
PP Defense
1 - 61% - 60% - 7:12
2 - 39% - 40% - 4:42
PK Forward
1 - 0% - 60%
2 - 0% - 40%
PK Defense
1 - 0% - 60%
2 - 0% - 40%
PK3 Forward
1 - 0% - 60%
2 - 0% - 40%
PK3 Defense
1 - 0% - 60%
2 - 0% - 40%
44 Forward
1 - 63% - 60% - 1:15
2 - 37% - 40% - 0:44
44 Defense
1 - 63% - 60% - 1:15
2 - 37% - 40% - 0:44
Last Minute Offensive  - 0:00
Last Minute Defensive  - 0:00
Total
Forward - 60:00
Defense - 60:00

% Time on Ice - TORONTO

Lines # - Real PCT - Wanted PCT - Time Play
Normal Forward
1 - 30% - 35% - 13:44
2 - 30% - 30% - 13:24
3 - 24% - 25% - 11:03
4 - 16% - 10% - 7:02
Normal Defense
1 - 32% - 35% - 14:23
2 - 35% - 30% - 15:45
3 - 30% - 25% - 13:38
4 - 3% - 10% - 1:27
PP Forward
1 - 0% - 60%
2 - 0% - 40%
PP Defense
1 - 0% - 60%
2 - 0% - 40%
PK Forward
1 - 67% - 60% - 7:57
2 - 33% - 40% - 3:57
PK Defense
1 - 62% - 60% - 7:23
2 - 38% - 40% - 4:31
PK3 Forward
1 - 0% - 60%
2 - 0% - 40%
PK3 Defense
1 - 0% - 60%
2 - 0% - 40%
44 Forward
1 - 48% - 60% - 0:57
2 - 52% - 40% - 1:02
44 Defense
1 - 48% - 60% - 0:57
2 - 52% - 40% - 1:02
Last Minute Offensive  - 0:00
Last Minute Defensive  - 0:54
Total
Forward - 60:00
Defense - 60:00

Play-by-Play

1st period


0:01 of 1st period - Christian Dvorak wins face-off versus Mark Scheifele in neutral zone.
0:13 of 1st period - Brayden Point is hit by Aaron Ekblad and loses puck.
0:24 of 1st period - Shot by Mark Scheifele.
0:24 of 1st period - Goal by Mark Scheifele - DETROIT : 0 - TORONTO : 1.
0:25 of 1st period - Joe Pavelski wins face-off versus Scott Laughton in neutral zone.
0:42 of 1st period - Shot by Ondrej Palat.
0:42 of 1st period - Stopped by John Gibson without a rebound.
0:43 of 1st period - Nick Suzuki wins face-off versus Alexander Wennberg in DETROIT zone.
0:58 of 1st period - Shot by Richard Panik.
0:58 of 1st period - Shot Blocked by Andrej Sekera.
2:07 of 1st period - Icing by Oscar Klefbom.
2:08 of 1st period - Joe Pavelski wins face-off versus Zemgus Girgensons in DETROIT zone.
2:26 of 1st period - Minor Penalty to Kevin Shattenkirk for Hooking.
2:26 of 1st period - Minor Penalty to Scott Laughton for Hooking.
2:27 of 1st period - Mark Scheifele wins face-off versus Taylor Hall in TORONTO zone.
3:01 of 1st period - Shot by Mark Scheifele.
3:01 of 1st period - Shot Misses the Net.
3:03 of 1st period - Shot by Matt Niskanen.
3:03 of 1st period - Shot Misses the Net.
3:23 of 1st period - Ethan Bear is hit by Calle Jarnkrok and loses puck.
4:17 of 1st period - Shot by Taylor Hall.
4:17 of 1st period - Stopped by Anton Khudobin with a rebound.
4:41 of 1st period - Off-side.
4:42 of 1st period - Scott Laughton wins face-off versus Curtis Lazar in neutral zone.
4:51 of 1st period - Shot by Scott Laughton.
4:51 of 1st period - Stopped by Anton Khudobin without a rebound.
4:52 of 1st period - Nick Suzuki wins face-off versus Alexander Wennberg in TORONTO zone.
4:52 of 1st period - Nick Suzuki is hit by Justin Abdelkader.
5:00 of 1st period - Shot by Nick Suzuki.
5:00 of 1st period - Shot Blocked by Alexander Wennberg.
5:38 of 1st period - Shot by Mark Scheifele.
5:38 of 1st period - Shot Misses the Net.
5:40 of 1st period - Shot by Brayden Point.
5:40 of 1st period - Shot Misses the Net.
5:50 of 1st period - Shot by Brady Tkachuk.
5:50 of 1st period - Shot Blocked by Robert Bortuzzo.
5:52 of 1st period - Shot by Matt Niskanen.
5:52 of 1st period - Stopped by John Gibson without a rebound.
5:53 of 1st period - Christian Dvorak wins face-off versus Joe Pavelski in DETROIT zone.
5:53 of 1st period - Christian Dvorak is hit by Justin Williams.
6:10 of 1st period - Icing by Aaron Ekblad.
6:11 of 1st period - Christian Dvorak wins face-off versus Mark Scheifele in DETROIT zone.
6:25 of 1st period - Shot by Christian Dvorak.
6:25 of 1st period - Stopped by Anton Khudobin without a rebound.
6:26 of 1st period - Joe Pavelski wins face-off versus Scott Laughton in TORONTO zone.
7:33 of 1st period - Minor Penalty to Matt Niskanen for Hooking.
7:34 of 1st period - Mark Scheifele wins face-off versus Taylor Hall in TORONTO zone.
7:53 of 1st period - Shot by Tyler Myers.
7:53 of 1st period - Shot Blocked by Alex Pietrangelo.
8:10 of 1st period - Calle Jarnkrok is hit by Jordie Benn.
8:14 of 1st period - Shot by Aaron Ekblad.
8:14 of 1st period - Deflect By Taylor Hall.
8:14 of 1st period - Shot Blocked by Jordie Benn.
9:25 of 1st period - Icing by Patrik Nemeth.
9:26 of 1st period - Alexander Wennberg wins face-off versus Joe Pavelski in DETROIT zone.
9:52 of 1st period - Shot by Valeri Nichushkin.
9:52 of 1st period - Stopped by Anton Khudobin with a rebound.
9:54 of 1st period - Shot by Brendan Smith.
9:54 of 1st period - Shot Misses the Net.
9:56 of 1st period - Shot by Robert Bortuzzo.
9:56 of 1st period - Stopped by Anton Khudobin without a rebound.
9:57 of 1st period - Nick Suzuki wins face-off versus Alexander Wennberg in TORONTO zone.
10:16 of 1st period - Shot by Jordie Benn.
10:16 of 1st period - Stopped by John Gibson without a rebound.
10:17 of 1st period - Christian Dvorak wins face-off versus Joe Pavelski in DETROIT zone.
10:35 of 1st period - Off-side.
10:36 of 1st period - Scott Laughton wins face-off versus Mark Scheifele in neutral zone.
10:43 of 1st period - Shot by Max Domi.
10:43 of 1st period - Shot Misses the Net.
10:45 of 1st period - Shot by Max Domi.
10:45 of 1st period - Shot Misses the Net.
10:51 of 1st period - Shot by Scott Laughton.
10:51 of 1st period - Stopped by Anton Khudobin without a rebound.
10:52 of 1st period - Joe Pavelski wins face-off versus Alexander Wennberg in TORONTO zone.
10:54 of 1st period - Ondrej Palat is hit by Justin Abdelkader.
11:00 of 1st period - Shot by Joe Pavelski.
11:00 of 1st period - Stopped by John Gibson with a rebound.
11:02 of 1st period - Shot by Matt Niskanen.
11:02 of 1st period - Stopped by John Gibson with a rebound.
11:15 of 1st period - Off-side.
11:16 of 1st period - Christian Dvorak wins face-off versus Brady Tkachuk in neutral zone.
11:33 of 1st period - Shot by Brayden Point.
11:33 of 1st period - Shot Misses the Net.
11:35 of 1st period - Shot by Brady Tkachuk.
11:35 of 1st period - Shot Misses the Net.
11:47 of 1st period - Shot by Mark Scheifele.
11:47 of 1st period - Shot Misses the Net.
11:58 of 1st period - Icing by Tyler Myers.
11:59 of 1st period - Joe Pavelski wins face-off versus Christian Dvorak in DETROIT zone.
12:39 of 1st period - Shot by Matt Niskanen.
12:39 of 1st period - Stopped by John Gibson without a rebound.
12:40 of 1st period - Nick Suzuki wins face-off versus Alexander Wennberg in DETROIT zone.
13:05 of 1st period - Shot by Justin Abdelkader.
13:05 of 1st period - Stopped by Anton Khudobin with a rebound.
13:10 of 1st period - Colton Sceviour is hit by Jordie Benn and loses puck.
13:56 of 1st period - Off-side.
13:57 of 1st period - Scott Laughton wins face-off versus Joe Pavelski in neutral zone.
14:10 of 1st period - Shot by Max Domi.
14:10 of 1st period - Shot Blocked by Alex Pietrangelo.
14:15 of 1st period - Max Domi is hit by Matt Niskanen and loses puck.
14:20 of 1st period - Shot by Max Domi.
14:20 of 1st period - Shot Misses the Net.
14:22 of 1st period - Shot by Patrik Nemeth.
14:22 of 1st period - Shot Misses the Net.
14:28 of 1st period - Shot by Scott Laughton.
14:28 of 1st period - Shot Misses the Net.
14:46 of 1st period - Shot by Taylor Hall.
14:46 of 1st period - Shot Misses the Net.
15:08 of 1st period - Shot by Christian Dvorak.
15:08 of 1st period - Stopped by Anton Khudobin without a rebound.
15:09 of 1st period - Mark Scheifele wins face-off versus Chandler Stephenson in TORONTO zone.
16:36 of 1st period - Nick Suzuki is hit by Tyler Myers and loses puck.
17:08 of 1st period - Off-side.
17:09 of 1st period - Alexander Wennberg wins face-off versus Mark Scheifele in neutral zone.
18:31 of 1st period - Shot by Matt Niskanen.
18:31 of 1st period - Shot Blocked by Oscar Klefbom.
18:33 of 1st period - Shot by Matt Niskanen.
18:33 of 1st period - Shot Blocked by Ian Cole.
19:01 of 1st period - Shot by Curtis Lazar.
19:01 of 1st period - Shot Misses the Net.
19:11 of 1st period - Shot by Scott Laughton.
19:11 of 1st period - Shot Misses the Net.
19:19 of 1st period - Shot by Scott Laughton.
19:19 of 1st period - Shot Misses the Net.
19:21 of 1st period - Shot by Max Domi.
19:21 of 1st period - Goal by Max Domi - DETROIT : 1 - TORONTO : 1.
19:22 of 1st period - Nick Suzuki wins face-off versus Chandler Stephenson in neutral zone.
19:33 of 1st period - Shot by Taylor Hall.
19:33 of 1st period - Stopped by Anton Khudobin without a rebound.
19:34 of 1st period - Mark Scheifele wins face-off versus Scott Laughton in TORONTO zone.
19:45 of 1st period - Shot by Scott Laughton.
19:45 of 1st period - Stopped by Anton Khudobin without a rebound.
19:45 of 1st period - Minor Penalty to Matt Niskanen for Hooking.
19:46 of 1st period - Mark Scheifele wins face-off versus Christian Dvorak in TORONTO zone.
Goals for this period are 1 for DETROIT vs 1 for TORONTO.
Shots for this period are 11 for DETROIT vs 7 for TORONTO.

2nd period


0:01 of 2nd period - Mark Scheifele wins face-off versus Christian Dvorak in neutral zone.
0:11 of 2nd period - Taylor Hall is hit by Josh Morrissey and loses puck.
0:14 of 2nd period - Shot by Aaron Ekblad.
0:14 of 2nd period - Shot Misses the Net.
0:17 of 2nd period - Calle Jarnkrok is hit by Ethan Bear and loses puck.
0:22 of 2nd period - Shot by Tyler Myers.
0:22 of 2nd period - Stopped by Anton Khudobin with a rebound.
0:55 of 2nd period - Shot by Oscar Klefbom.
0:55 of 2nd period - Stopped by Anton Khudobin with a rebound.
1:42 of 2nd period - Icing by Christian Dvorak.
1:43 of 2nd period - Christian Dvorak wins face-off versus Mark Scheifele in DETROIT zone.
2:09 of 2nd period - Shot by Jordan Martinook.
2:09 of 2nd period - Goal by Jordan Martinook - DETROIT : 1 - TORONTO : 2.
2:10 of 2nd period - Joe Pavelski wins face-off versus Chandler Stephenson in neutral zone.
2:21 of 2nd period - Shot by Taylor Hall.
2:21 of 2nd period - Stopped by Anton Khudobin without a rebound.
2:22 of 2nd period - Zemgus Girgensons wins face-off versus Oskar Lindblom in TORONTO zone.
2:41 of 2nd period - Off-side.
2:42 of 2nd period - Christian Dvorak wins face-off versus Mark Scheifele in neutral zone.
3:05 of 2nd period - Shot by Taylor Hall.
3:05 of 2nd period - Shot Misses the Net.
3:32 of 2nd period - Icing by Oscar Klefbom.
3:33 of 2nd period - Christian Dvorak wins face-off versus Ondrej Palat in DETROIT zone.
3:33 of 2nd period - Christian Dvorak is hit by Joe Pavelski.
3:58 of 2nd period - Icing by Aaron Ekblad.
3:59 of 2nd period - Max Domi wins face-off versus Nick Suzuki in DETROIT zone.
4:36 of 2nd period - Minor Penalty to Richard Panik for Hooking.
4:37 of 2nd period - Mark Scheifele wins face-off versus Christian Dvorak in TORONTO zone.
4:57 of 2nd period - Shot by Oscar Klefbom.
4:57 of 2nd period - Shot Hit the Post.
4:59 of 2nd period - Shot by Oscar Klefbom.
4:59 of 2nd period - Shot Misses the Net.
5:09 of 2nd period - Shot by Mark Scheifele.
5:09 of 2nd period - Stopped by John Gibson without a rebound.
5:10 of 2nd period - Mark Scheifele wins face-off versus Max Domi in DETROIT zone.
5:28 of 2nd period - Shot by Brayden Point.
5:28 of 2nd period - Stopped by John Gibson with a rebound.
6:25 of 2nd period - Icing by Oscar Klefbom.
6:26 of 2nd period - Christian Dvorak wins face-off versus Mark Scheifele in DETROIT zone.
7:17 of 2nd period - Icing by Andrej Sekera.
7:18 of 2nd period - Joe Pavelski wins face-off versus Alexander Wennberg in DETROIT zone.
7:40 of 2nd period - Andrej Sekera is hit by Ethan Bear.
8:01 of 2nd period - Icing by Jordie Benn.
8:02 of 2nd period - Scott Laughton wins face-off versus Joe Pavelski in TORONTO zone.
8:02 of 2nd period - Scott Laughton is hit by Jordie Benn.
8:06 of 2nd period - Shot by Max Domi.
8:06 of 2nd period - Shot Misses the Net.
8:09 of 2nd period - Minor Penalty to Ondrej Palat for Slashing.
8:10 of 2nd period - Mark Scheifele wins face-off versus Christian Dvorak in TORONTO zone.
8:33 of 2nd period - Shot by Mark Scheifele.
8:33 of 2nd period - Shot Misses the Net.
8:41 of 2nd period - Shot by Aaron Ekblad.
8:41 of 2nd period - Shot Misses the Net.
8:43 of 2nd period - Shot by Aaron Ekblad.
8:43 of 2nd period - Shot Blocked by Matt Niskanen.
8:45 of 2nd period - Shot by Tyler Myers.
8:45 of 2nd period - Stopped by Anton Khudobin without a rebound.
8:46 of 2nd period - Joe Pavelski wins face-off versus Scott Laughton in TORONTO zone.
8:57 of 2nd period - Shot by Scott Laughton.
8:57 of 2nd period - Shot Misses the Net.
9:25 of 2nd period - Shot by Oscar Klefbom.
9:25 of 2nd period - Stopped by Anton Khudobin without a rebound.
9:26 of 2nd period - Mark Scheifele wins face-off versus Christian Dvorak in TORONTO zone.
9:35 of 2nd period - Shot by Aaron Ekblad.
9:35 of 2nd period - Stopped by Anton Khudobin without a rebound.
9:36 of 2nd period - Joe Pavelski wins face-off versus Christian Dvorak in TORONTO zone.
9:36 of 2nd period - Joe Pavelski is hit by Calle Jarnkrok.
9:50 of 2nd period - Shot by Christian Dvorak.
9:50 of 2nd period - Shot Blocked by Matt Niskanen.
9:52 of 2nd period - Shot by Christian Dvorak.
9:52 of 2nd period - Shot Misses the Net.
9:54 of 2nd period - Shot by Aaron Ekblad.
9:54 of 2nd period - Shot Blocked by Alex Pietrangelo.
9:56 of 2nd period - Shot by Aaron Ekblad.
9:56 of 2nd period - Shot Misses the Net.
9:58 of 2nd period - Shot by Tyler Myers.
9:58 of 2nd period - Stopped by Anton Khudobin without a rebound.
9:59 of 2nd period - Joe Pavelski wins face-off versus Scott Laughton in TORONTO zone.
10:14 of 2nd period - Curtis Lazar is hit by Justin Abdelkader and loses puck.
10:32 of 2nd period - Icing by Patrik Nemeth.
10:33 of 2nd period - Nick Suzuki wins face-off versus Alexander Wennberg in DETROIT zone.
11:23 of 2nd period - Shot by Brady Tkachuk.
11:23 of 2nd period - Stopped by John Gibson without a rebound.
11:24 of 2nd period - Christian Dvorak wins face-off versus Mark Scheifele in DETROIT zone.
11:24 of 2nd period - Aaron Ekblad is hit by Brady Tkachuk and loses puck.
11:57 of 2nd period - Shot by Taylor Hall.
11:57 of 2nd period - Stopped by Anton Khudobin without a rebound.
11:58 of 2nd period - Scott Laughton wins face-off versus Joe Pavelski in TORONTO zone.
12:35 of 2nd period - Shot by Max Domi.
12:35 of 2nd period - Stopped by Anton Khudobin with a rebound.
12:56 of 2nd period - Taylor Hall is hit by Ethan Bear and loses puck.
13:21 of 2nd period - Off-side.
13:22 of 2nd period - Nick Suzuki wins face-off versus Alexander Wennberg in neutral zone.
13:36 of 2nd period - Shot by Richard Panik.
13:36 of 2nd period - Deflect By Oskar Lindblom.
13:36 of 2nd period - Stopped by John Gibson without a rebound.
13:37 of 2nd period - Christian Dvorak wins face-off versus Mark Scheifele in DETROIT zone.
13:37 of 2nd period - Christian Dvorak is hit by Brady Tkachuk.
13:42 of 2nd period - Minor Penalty to Brady Tkachuk for Tripping.
13:43 of 2nd period - Mark Scheifele wins face-off versus Scott Laughton in TORONTO zone.
14:29 of 2nd period - Icing by Zemgus Girgensons.
14:30 of 2nd period - Max Domi wins face-off versus Joe Pavelski in DETROIT zone.
14:47 of 2nd period - Icing by Tyler Myers.
14:48 of 2nd period - Scott Laughton wins face-off versus Mark Scheifele in DETROIT zone.
16:25 of 2nd period - Icing by Andrej Sekera.
16:26 of 2nd period - Alexander Wennberg wins face-off versus Mark Scheifele in DETROIT zone.
16:49 of 2nd period - Shot by Mark Scheifele.
16:49 of 2nd period - Shot Blocked by Oscar Klefbom.
16:51 of 2nd period - Shot by Mark Scheifele.
16:51 of 2nd period - Stopped by John Gibson with a rebound.
16:53 of 2nd period - Shot by Ethan Bear.
16:53 of 2nd period - Stopped by John Gibson with a rebound.
17:01 of 2nd period - Shot by Christian Dvorak.
17:01 of 2nd period - Stopped by Anton Khudobin with a rebound.
17:40 of 2nd period - Matt Niskanen is hit by Christian Dvorak and loses puck.
18:07 of 2nd period - Shot by Ondrej Palat.
18:07 of 2nd period - Deflect By Joe Pavelski.
18:07 of 2nd period - Shot Misses the Net.
18:09 of 2nd period - Shot by Ondrej Palat.
18:09 of 2nd period - Stopped by John Gibson without a rebound.
18:10 of 2nd period - Alexander Wennberg wins face-off versus Nick Suzuki in DETROIT zone.
18:10 of 2nd period - Alexander Wennberg is hit by Richard Panik.
19:13 of 2nd period - Icing by Brendan Smith.
19:14 of 2nd period - Alexander Wennberg wins face-off versus Mark Scheifele in DETROIT zone.
19:31 of 2nd period - Icing by Brayden Point.
19:32 of 2nd period - Mark Scheifele wins face-off versus Christian Dvorak in TORONTO zone.
19:47 of 2nd period - Calle Jarnkrok is hit by Brady Tkachuk.
19:53 of 2nd period - Shot by Calle Jarnkrok.
19:53 of 2nd period - Shot Blocked by Jordie Benn.
19:55 of 2nd period - Shot by Aaron Ekblad.
19:55 of 2nd period - Stopped by Anton Khudobin with a rebound.
19:57 of 2nd period - Shot by Christian Dvorak.
19:57 of 2nd period - Goal by Christian Dvorak - DETROIT : 2 - TORONTO : 2.
19:58 of 2nd period - Joe Pavelski wins face-off versus Max Domi in neutral zone.
19:58 of 2nd period - Ondrej Palat is hit by Zemgus Girgensons and loses puck.
Goals for this period are 1 for DETROIT vs 1 for TORONTO.
Shots for this period are 12 for DETROIT vs 8 for TORONTO.

3rd period


0:01 of 3rd period - Taylor Hall wins face-off versus Mark Scheifele in neutral zone.
0:07 of 3rd period - Minor Penalty to Matt Niskanen for Holding.
0:08 of 3rd period - Christian Dvorak wins face-off versus Mark Scheifele in TORONTO zone.
0:46 of 3rd period - Shot by Calle Jarnkrok.
0:46 of 3rd period - Stopped by Anton Khudobin without a rebound.
0:47 of 3rd period - Mark Scheifele wins face-off versus Scott Laughton in TORONTO zone.
1:08 of 3rd period - Shot by Ian Cole.
1:08 of 3rd period - Shot Blocked by Ethan Bear.
1:18 of 3rd period - Shot by Oscar Klefbom.
1:18 of 3rd period - Deflect By Max Domi.
1:18 of 3rd period - Shot Misses the Net.
1:20 of 3rd period - Shot by Max Domi.
1:20 of 3rd period - Deflect By Scott Laughton.
1:20 of 3rd period - Shot Misses the Net.
3:00 of 3rd period - Shot by Joe Pavelski.
3:00 of 3rd period - Deflect By Justin Williams.
3:00 of 3rd period - Stopped by John Gibson without a rebound.
3:01 of 3rd period - Scott Laughton wins face-off versus Nick Suzuki in DETROIT zone.
3:52 of 3rd period - Off-side.
3:53 of 3rd period - Mark Scheifele wins face-off versus Taylor Hall in neutral zone.
4:07 of 3rd period - Shot by Brayden Point.
4:07 of 3rd period - Shot Misses the Net.
4:15 of 3rd period - Shot by Christian Dvorak.
4:15 of 3rd period - Shot Blocked by Alex Pietrangelo.
4:17 of 3rd period - Shot by Christian Dvorak.
4:17 of 3rd period - Shot Blocked by Brayden Point.
4:27 of 3rd period - Aaron Ekblad is hit by Brady Tkachuk and loses puck.
5:00 of 3rd period - Shot by Joe Pavelski.
5:00 of 3rd period - Deflect By Ondrej Palat.
5:00 of 3rd period - Goal by Ondrej Palat - DETROIT : 2 - TORONTO : 3.
5:01 of 3rd period - Scott Laughton wins face-off versus Joe Pavelski in neutral zone.
5:17 of 3rd period - Shot by Joe Pavelski.
5:17 of 3rd period - Shot Misses the Net.
5:19 of 3rd period - Shot by Ondrej Palat.
5:19 of 3rd period - Goal by Ondrej Palat - DETROIT : 2 - TORONTO : 4.
5:20 of 3rd period - Nick Suzuki wins face-off versus Alexander Wennberg in neutral zone.
5:36 of 3rd period - Icing by Andrej Sekera.
5:37 of 3rd period - Alexander Wennberg wins face-off versus Joe Pavelski in DETROIT zone.
5:37 of 3rd period - Alexander Wennberg is hit by Joe Pavelski.
6:59 of 3rd period - Icing by Brady Tkachuk.
7:00 of 3rd period - Mark Scheifele wins face-off versus Christian Dvorak in TORONTO zone.
7:20 of 3rd period - Icing by Tyler Myers.
7:21 of 3rd period - Nick Suzuki wins face-off versus Christian Dvorak in DETROIT zone.
7:34 of 3rd period - Icing by Josh Morrissey.
7:35 of 3rd period - Scott Laughton wins face-off versus Nick Suzuki in TORONTO zone.
7:52 of 3rd period - Off-side.
7:53 of 3rd period - Justin Williams wins face-off versus Chandler Stephenson in neutral zone.
7:56 of 3rd period - Taylor Hall is hit by Ondrej Palat and loses puck.
8:13 of 3rd period - Shot by Taylor Hall.
8:13 of 3rd period - Stopped by Anton Khudobin without a rebound.
8:14 of 3rd period - Scott Laughton wins face-off versus Brady Tkachuk in TORONTO zone.
8:15 of 3rd period - Shot by Ian Cole.
8:15 of 3rd period - Stopped by Anton Khudobin with a rebound.
8:17 of 3rd period - Shot by Ian Cole.
8:17 of 3rd period - Stopped by Anton Khudobin without a rebound.
8:18 of 3rd period - Mark Scheifele wins face-off versus Scott Laughton in TORONTO zone.
8:20 of 3rd period - Icing by Brady Tkachuk.
8:21 of 3rd period - Mark Scheifele wins face-off versus Taylor Hall in TORONTO zone.
8:44 of 3rd period - Shot by Brayden Point.
8:44 of 3rd period - Shot Blocked by Aaron Ekblad.
8:46 of 3rd period - Shot by Mark Scheifele.
8:46 of 3rd period - Stopped by John Gibson without a rebound.
8:47 of 3rd period - Scott Laughton wins face-off versus Joe Pavelski in DETROIT zone.
8:47 of 3rd period - Scott Laughton is hit by Ondrej Palat.
9:21 of 3rd period - Shot by Alex Pietrangelo.
9:21 of 3rd period - Shot Blocked by Ian Cole.
9:23 of 3rd period - Shot by Ondrej Palat.
9:23 of 3rd period - Shot Misses the Net.
9:57 of 3rd period - Shot by Calle Jarnkrok.
9:57 of 3rd period - Stopped by Anton Khudobin with a rebound.
9:59 of 3rd period - Shot by Tyler Myers.
9:59 of 3rd period - Stopped by Anton Khudobin without a rebound.
10:00 of 3rd period - Nick Suzuki wins face-off versus Alexander Wennberg in TORONTO zone.
10:10 of 3rd period - Andrej Sekera is hit by Richard Panik and loses puck.
10:20 of 3rd period - Off-side.
10:21 of 3rd period - Mark Scheifele wins face-off versus Christian Dvorak in neutral zone.
10:34 of 3rd period - Shot by Mark Scheifele.
10:34 of 3rd period - Stopped by John Gibson with a rebound.
10:42 of 3rd period - Shot by Brady Tkachuk.
10:42 of 3rd period - Stopped by John Gibson without a rebound.
10:43 of 3rd period - Joe Pavelski wins face-off versus Alexander Wennberg in DETROIT zone.
11:28 of 3rd period - Icing by Ondrej Palat.
11:29 of 3rd period - Joe Pavelski wins face-off versus Christian Dvorak in TORONTO zone.
11:46 of 3rd period - Shot by Taylor Hall.
11:46 of 3rd period - Stopped by Anton Khudobin with a rebound.
11:48 of 3rd period - Shot by Tyler Myers.
11:48 of 3rd period - Goal by Tyler Myers - DETROIT : 3 - TORONTO : 4.
11:49 of 3rd period - Nick Suzuki wins face-off versus Scott Laughton in neutral zone.
12:36 of 3rd period - Icing by Ethan Bear.
12:37 of 3rd period - Oskar Lindblom wins face-off versus Christian Dvorak in TORONTO zone.
13:14 of 3rd period - Shot by Christian Dvorak.
13:14 of 3rd period - Stopped by Anton Khudobin without a rebound.
13:15 of 3rd period - Brayden Point wins face-off versus Alexander Wennberg in TORONTO zone.
13:44 of 3rd period - Off-side.
13:45 of 3rd period - Joe Pavelski wins face-off versus Scott Laughton in neutral zone.
14:05 of 3rd period - Icing by Scott Laughton.
14:06 of 3rd period - Scott Laughton wins face-off versus Curtis Lazar in DETROIT zone.
14:06 of 3rd period - Scott Laughton is hit by Ryan Reaves.
14:27 of 3rd period - Scott Laughton is hit by Matt Niskanen and loses puck.
15:03 of 3rd period - Taylor Hall is hit by Brady Tkachuk and loses puck.
15:16 of 3rd period - Shot by Calle Jarnkrok.
15:16 of 3rd period - Stopped by Anton Khudobin without a rebound.
15:17 of 3rd period - Alexander Wennberg wins face-off versus Joe Pavelski in TORONTO zone.
15:46 of 3rd period - Shot by Ondrej Palat.
15:46 of 3rd period - Shot Misses the Net.
15:48 of 3rd period - Shot by Ethan Bear.
15:48 of 3rd period - Shot Blocked by Patrik Nemeth.
15:57 of 3rd period - Ethan Bear is hit by Andrej Sekera.
17:54 of 3rd period - Icing by Oscar Klefbom.
17:55 of 3rd period - Joe Pavelski wins face-off versus Scott Laughton in DETROIT zone.
17:58 of 3rd period - Shot by Justin Williams.
17:58 of 3rd period - Stopped by John Gibson without a rebound.
17:59 of 3rd period - Ondrej Palat wins face-off versus Alexander Wennberg in DETROIT zone.
18:00 of 3rd period - Shot by Justin Williams.
18:00 of 3rd period - Shot Misses the Net.
18:06 of 3rd period - Shot by Ondrej Palat.
18:06 of 3rd period - Shot Misses the Net.
18:15 of 3rd period - Icing by Robert Bortuzzo.
18:16 of 3rd period - Curtis Lazar wins face-off versus Alexander Wennberg in DETROIT zone.
18:23 of 3rd period - Shot by Josh Morrissey.
18:23 of 3rd period - Shot Misses the Net.
19:11 of 3rd period - DETROIT, John Gibson is pulled from the net.
19:14 of 3rd period - Calle Jarnkrok is hit by Matt Niskanen and loses puck.
19:30 of 3rd period - Aaron Ekblad is hit by Matt Niskanen and loses puck.
19:49 of 3rd period - Shot by Brady Tkachuk.
19:49 of 3rd period - Shot Misses the Net.
Goals for this period are 1 for DETROIT vs 2 for TORONTO.
Shots for this period are 10 for DETROIT vs 7 for TORONTO.